[Event "LEM Niedersachsen-A-Open 2025"]
[Site "Verden"]
[Date "2025.01.04"]
[Round "5.18"]
[White "Schumann, Steffen"]
[Black "Seer, Maurice"]
[Result "1-0"]
[ECO "C99"]
[WhiteElo "2002"]
[BlackElo "1911"]
[Annotator "NA RC"]
[PlyCount "104"]
[EventDate "2024.12.27"]
[EventType "swiss"]
[EventCountry "GER"]
[SourceTitle "playchess.com"]
[Source "ChessBase"]
[SourceQuality "1"]
[TimeControl "40/5400+30:1800+30"]

1. e4 e5 2. Nf3 Nc6 3. Bb5 a6 4. Ba4 Nf6 5. O-O Be7 6. Re1 b5 7. Bb3 d6 8. c3 O-O 9. h3 Na5 10. Bc2 c5 11. d4 Qc7 12. Nbd2 cxd4 13. cxd4 Nc6 14. d5 Nb4 15. Bb1 a5 16. Nf1 Bd7 17. Bd2 Na6 {[%emt 0:01:56] C99: Closed Ruy Lopez: Chigorin Defence: 11 d4 Qc7 12 Nbd2 cxd4.} 18. g4 Rfc8 19. Bd3 Nc5 20. Rc1 Qd8 21. Bc2 b4 22. Ng3 g6 23. Nh2 (23. Kg2 $11) 23... Ra7 24. f4 Bb5 25. fxe5 dxe5 26. Qf3 (26. h4 $11) 26... Qd6 27. g5 Ne8 28. Ng4 Bf8 29. Ne2 Bg7 30. Kg2 Rac7 31. Bb1 f6 32. gxf6 Nxf6 33. Nxf6+ Bxf6 34. Qg3 Rf8 35. Nd4 Bd7 36. Nf3 Bc8 37. Be3 Na4 38. Rxc7 Qxc7 {[%emt 0:00:01] [#]} 39. Rc1 (39. Re2 $1 $16) 39... Qf7 40. Rf1 Qe7 41. Rf2 Nc5 42. h4 Ba6 43. Bh6 Re8 {[%emt 0:07:47] [#]} 44. Bg5 $11 (44. Ng5 $1 $16) 44... Nd3 45. Bxd3 Bxd3 46. Bxf6 Qxf6 47. Ng5 Qa6 48. Qf3 Bxe4 49. Nxe4 Qc8 50. Nf6+ Kg7 51. Nxe8+ Qxe8 52. Qf6+ Kg8 1-0

[Event "LEM Niedersachsen-A-Open 2025"]
[Site "Verden"]
[Date "2025.01.04"]
[Round "5.19"]
[White "Rieping, Lea"]
[Black "Stein, Luis"]
[Result "1/2-1/2"]
[ECO "C23"]
[WhiteElo "1973"]
[BlackElo "1899"]
[Annotator "RC"]
[PlyCount "37"]
[EventDate "2024.12.27"]
[EventType "swiss"]
[EventCountry "GER"]
[SourceTitle "playchess.com"]
[Source "ChessBase"]
[SourceQuality "1"]
[TimeControl "40/5400+30:1800+30"]

1. e4 e5 2. Bc4 c6 3. Nf3 d5 4. exd5 cxd5 5. Bb3 Nc6 6. Nc3 e4 7. Ng1 Be6 8. d3 exd3 9. Qxd3 Bb4 10. Bd2 Nge7 11. Nf3 O-O 12. Nd4 Nxd4 13. Qxd4 Ba5 14. O-O Bb6 15. Qd3 d4 16. Ne4 Bxb3 17. axb3 Ng6 18. f4 Re8 19. Ng5 1/2-1/2

[Event "LEM Niedersachsen-A-Open 2025"]
[Site "Verden"]
[Date "2025.01.04"]
[Round "5.21"]
[White "Muecke, Leonard"]
[Black "Nolting, Dennis"]
[Result "1-0"]
[ECO "C50"]
[WhiteElo "1853"]
[BlackElo "1937"]
[Annotator "RC"]
[PlyCount "49"]
[EventDate "2024.12.27"]
[EventType "swiss"]
[EventCountry "GER"]
[SourceTitle "playchess.com"]
[Source "ChessBase"]
[SourceQuality "1"]
[TimeControl "40/5400+30:1800+30"]

1. e4 e5 2. Nf3 Nc6 3. Bc4 Nf6 4. d3 Bc5 5. O-O d6 6. h3 h6 7. Nc3 g5 8. Nh2 Ne7 9. Be3 Bb6 10. a4 d5 11. exd5 Nexd5 12. Nxd5 Nxd5 13. Ng4 Bxg4 14. Qxg4 Nxe3 15. fxe3 Bxe3+ 16. Kh2 Rf8 17. Qf5 f6 18. Rae1 Qd4 19. c3 Qb6 20. a5 Bf4+ 21. Rxf4 Qd6 22. Rd4 Qc6 23. Rxe5+ fxe5 24. Qxe5+ Qe6 25. Qxe6# 1-0

[Event "LEM Niedersachsen-A-Open 2025"]
[Site "Verden"]
[Date "2025.01.04"]
[Round "5.22"]
[White "Langer, Michael S."]
[Black "Oblender, Rudi"]
[Result "0-1"]
[ECO "B38"]
[WhiteElo "1933"]
[BlackElo "1779"]
[Annotator "RC"]
[PlyCount "74"]
[EventDate "2024.12.27"]
[EventType "swiss"]
[EventCountry "GER"]
[SourceTitle "playchess.com"]
[Source "ChessBase"]
[SourceQuality "1"]
[TimeControl "40/5400+30:1800+30"]

1. Nf3 g6 2. d4 Bg7 3. c4 d6 4. Nc3 Nf6 5. e4 O-O 6. h3 c5 7. Be2 cxd4 8. Nxd4 Nc6 9. Be3 e6 10. O-O Qe7 11. Qd2 Rd8 12. Nc2 b6 13. Rad1 Bb7 14. f4 h6 15. Bf3 Rd7 16. g4 Nh7 17. e5 Rad8 18. Qg2 Na5 19. Bxb7 Nxb7 20. Nd4 Na5 21. b4 Nxc4 22. Nc6 Qf8 23. Bc1 Rc8 24. b5 d5 25. f5 Qc5+ 26. Kh1 Nxe5 27. fxe6 fxe6 28. Nxe5 Bxe5 29. Ne4 Qxb5 30. Ng3 Bg7 31. Ne2 d4 32. Nf4 Qc6 33. Qxc6 Rxc6 34. Nxg6 e5 35. Nh4 e4 36. Nf5 d3 37. Rfe1 Rxc1 0-1

[Event "LEM Niedersachsen-A-Open 2025"]
[Site "Verden"]
[Date "2025.01.04"]
[Round "5.23"]
[White "Ehlert, Horst"]
[Black "Gehrke, Mathias"]
[Result "1/2-1/2"]
[ECO "A48"]
[WhiteElo "1929"]
[BlackElo "1873"]
[Annotator "RC"]
[PlyCount "31"]
[EventDate "2024.12.27"]
[EventType "swiss"]
[EventCountry "GER"]
[SourceTitle "playchess.com"]
[Source "ChessBase"]
[SourceQuality "1"]
[TimeControl "40/5400+30:1800+30"]

1. d4 Nf6 2. Nf3 g6 3. Nbd2 d6 4. e4 Bg4 5. Be2 Bg7 6. c3 O-O 7. Qb3 Qc8 8. O-O Be6 9. Bc4 Bxc4 10. Qxc4 Nfd7 11. Re1 Nb6 12. Qb3 c5 13. a4 cxd4 14. cxd4 Nc6 15. a5 Nd7 16. Qc3 1/2-1/2

[Event "LEM Niedersachsen-A-Open 2025"]
[Site "Verden"]
[Date "2025.01.04"]
[Round "5.24"]
[White "Holtwessels, Jan"]
[Black "Boehnke, Marc"]
[Result "1-0"]
[ECO "B95"]
[WhiteElo "1812"]
[BlackElo "1927"]
[Annotator "NA RC"]
[PlyCount "49"]
[EventDate "2024.12.27"]
[EventType "swiss"]
[EventCountry "GER"]
[SourceTitle "playchess.com"]
[Source "ChessBase"]
[SourceQuality "1"]
[TimeControl "40/5400+30:1800+30"]

1. e4 c5 2. Nf3 d6 3. d4 cxd4 4. Nxd4 Nf6 5. Nc3 a6 6. Bg5 e6 7. Qe2 Be7 8. h4 {[%emt 0:00:31] B95: Sicilian Najdorf: 6 Bg5 e6, unusual White 7th moves.} b5 9. O-O-O Bb7 10. e5 Nd5 11. Bxe7 Qxe7 12. Nxd5 Bxd5 {[%emt 0:00:51] [#]} 13. Nf5 $1 exf5 14. Rxd5 O-O 15. exd6 Qd7 16. Qf3 Rd8 17. Bd3 g6 18. h5 Nc6 19. hxg6 fxg6 20. Qg3 $2 (20. Bxf5 $18 Qf7 21. Qg4) 20... Qe6 21. Rxf5 Rxd6 22. Rfh5 (22. Qh4 $16 Ra7 (22... gxf5 $2 {perishes.} 23. Qxh7+ Kf8 24. Qb7 $18) 23. Rc5) 22... Rxd3 23. cxd3 Nb4 24. Rxh7 Rc8+ 25. Kd1 $18 1-0

[Event "LEM Niedersachsen-A-Open 2025"]
[Site "Verden"]
[Date "2025.01.04"]
[Round "5.25"]
[White "Martin, Dennis"]
[Black "Moerke, Niklas"]
[Result "1-0"]
[ECO "E01"]
[WhiteElo "2005"]
[BlackElo "1875"]
[Annotator "RC"]
[PlyCount "131"]
[EventDate "2024.12.27"]
[EventType "swiss"]
[EventCountry "GER"]
[SourceTitle "playchess.com"]
[Source "ChessBase"]
[SourceQuality "1"]
[TimeControl "40/5400+30:1800+30"]

1. d4 d5 2. c4 e6 3. Nf3 Nf6 4. g3 b6 5. cxd5 exd5 6. Bg2 Bd6 7. O-O O-O 8. Nc3 c6 9. Bf4 Bxf4 10. gxf4 Ne4 11. e3 Bg4 12. Qc2 Bxf3 13. Bxf3 f5 14. Bg2 Rf6 15. f3 Nxc3 16. bxc3 Nd7 17. Rf2 Qe7 18. Re1 Raf8 19. Bh3 Qf7 20. Rg2 Qh5 21. Rg3 Rg6 22. Qg2 Rxg3 23. hxg3 Rf6 24. Kh2 Rh6 25. g4 fxg4 26. fxg4 Qh4 27. g5 Re6 28. Qg3 Qxg3+ 29. Kxg3 Re7 30. e4 dxe4 31. Bf5 g6 32. Bxe4 Kf8 33. Kf3 c5 34. Rh1 Kg7 35. Ke3 cxd4+ 36. cxd4 Nf8 37. Rf1 Ne6 38. f5 gxf5 39. Rxf5 Nd8 40. Rd5 Nc6 41. Rb5 Na5 42. Kd3 Nb7 43. Rd5 Na5 44. Rd6 b5 45. Rd5 a6 46. Rd6 Ra7 47. Rh6 Kg8 48. Bf5 b4 49. Rb6 Rb7 50. Rxb7 Nxb7 51. Bc8 Nd6 52. Bxa6 Kg7 53. Ke3 h6 54. gxh6+ Kxh6 55. Kf4 Kg6 56. Ke5 Ne8 57. Bc4 Nf6 58. Ke6 Kg5 59. d5 Ne4 60. d6 Kf4 61. d7 Nc5+ 62. Kd6 Nxd7 63. Kxd7 Ke5 64. Kc6 Kd4 65. Kb5 Kc3 66. Bb3 1-0

[Event "LEM Niedersachsen-A-Open 2025"]
[Site "Verden"]
[Date "2025.01.04"]
[Round "5.26"]
[White "Ludwig, Bernard"]
[Black "Kozik, Andreas"]
[Result "1/2-1/2"]
[ECO "D35"]
[WhiteElo "1962"]
[BlackElo "1868"]
[Annotator "RC"]
[PlyCount "70"]
[EventDate "2024.12.27"]
[EventType "swiss"]
[EventCountry "GER"]
[SourceTitle "playchess.com"]
[Source "ChessBase"]
[SourceQuality "1"]
[TimeControl "40/5400+30:1800+30"]

1. Nf3 d5 2. d4 Nf6 3. c4 e6 4. Nc3 Be7 5. cxd5 exd5 6. Bg5 O-O 7. Qc2 Re8 8. e3 h6 9. Bh4 c5 10. Bb5 Nc6 11. O-O cxd4 12. Nxd4 Nxd4 13. exd4 Bd7 14. Qa4 Bxb5 15. Qxb5 Rb8 16. Rfe1 a6 17. Qb3 b5 18. Re5 Nd7 19. Rxe7 Rxe7 20. Nxd5 g5 21. Nxe7+ Qxe7 22. Bg3 Rc8 23. f3 Qe2 24. Re1 Qd2 25. Rd1 Rc1 26. Rxc1 Qxc1+ 27. Kf2 Qd2+ 28. Kf1 Qxd4 29. Bf2 Qd2 30. Be3 Qd6 31. Qc3 Qd1+ 32. Kf2 Qd6 33. Bd4 Kf8 34. Bg7+ Kg8 35. Bd4 Kf8 1/2-1/2

[Event "LEM Niedersachsen-A-Open 2025"]
[Site "Verden"]
[Date "2025.01.04"]
[Round "5.28"]
[White "Aden, Keno"]
[Black "Beckmann, Jonathan"]
[Result "1-0"]
[ECO "E11"]
[WhiteElo "1889"]
[BlackElo "1812"]
[Annotator "NA RC"]
[PlyCount "89"]
[EventDate "2024.12.27"]
[EventType "swiss"]
[EventCountry "GER"]
[SourceTitle "playchess.com"]
[Source "ChessBase"]
[SourceQuality "1"]
[TimeControl "40/5400+30:1800+30"]

1. d4 Nf6 2. Nf3 e6 3. c4 Bb4+ 4. Bd2 Qe7 5. g3 O-O 6. Bg2 Bxd2+ 7. Nbxd2 d6 8. O-O e5 9. e4 Bg4 10. Qb3 {[%emt 0:02:36] 10.Qc2 is setting a new trend. E11: Bogo-Indian.} c6 11. Rfe1 Bxf3 12. Nxf3 a5 $146 ({Predecessor:} 12... c5 13. d5 b6 14. Qc2 Nbd7 15. Bh3 g6 16. Nh4 Nh5 17. Bxd7 Qxd7 18. Qe2 Ng7 {0-1 Flajsman,P (1870)-Levitsky,A (2280) EU-ch U18 Bratislava 2019 (1)}) 13. Rac1 Na6 14. Qc3 Rfe8 15. b3 ({Of course not} 15. Qxa5 c5 $11 (15... Nc5 16. Qd2 $15)) 15... Qc7 16. a3 exd4 (16... Qe7 $11) 17. Nxd4 Nc5 18. f3 Ne6 19. Nf5 b5 20. cxb5 Qb6+ 21. Qe3 Qxe3+ 22. Rxe3 cxb5 23. Nxd6 Reb8 24. f4 Ra7 25. e5 Ng4 26. Rec3 g6 27. h3 Nh6 28. Rc8+ Rxc8 29. Rxc8+ Nf8 30. Nxb5 Ra6 31. g4 $18 Kg7 32. Nd6 Rb6 33. Ne8+ Kg8 34. Nf6+ Kg7 35. Bd5 Ne6 36. g5 Nxf4 37. gxh6+ Kxh6 38. Bxf7 Kg5 39. Nxh7+ Kh4 40. Rc4 g5 41. e6 Rb7 42. Nf6 Rxb3 43. e7 Kg3 44. Rxf4 gxf4 45. Bxb3 1-0

[Event "LEM Niedersachsen-A-Open 2025"]
[Site "Verden"]
[Date "2025.01.04"]
[Round "5.29"]
[White "Schramm, Kilian"]
[Black "Goertzen, Simon"]
[Result "1-0"]
[ECO "B22"]
[WhiteElo "1834"]
[BlackElo "1887"]
[Annotator "NA RC"]
[PlyCount "117"]
[EventDate "2024.12.27"]
[EventType "swiss"]
[EventCountry "GER"]
[SourceTitle "playchess.com"]
[Source "ChessBase"]
[SourceQuality "1"]
[TimeControl "40/5400+30:1800+30"]

1. e4 c5 2. c3 Nf6 3. e5 Nd5 4. Bc4 e6 5. Nf3 Nc6 6. O-O Be7 7. d4 cxd4 8. cxd4 d6 9. Qe2 O-O 10. Rd1 a6 {[%emt 0:06:42] 10...Qc7 is becoming the main line. B22: Sicilian: 2 c3.} 11. Nc3 Nxc3 12. bxc3 d5 13. Bb3 $146 ({Predecessor:} 13. Bd3 Bd7 14. Rb1 Na5 15. h4 Bb5 16. Bxb5 axb5 17. h5 h6 18. Rxb5 Qc7 19. Rd3 {1-0 Kovalev,V (2559)-Shandrygin,N (2209) Titled Tuesday intern op 30th Jul Late blitz 2024 (7)}) 13... b5 14. h4 f6 15. Bc2 fxe5 16. dxe5 Ra7 17. Qd3 (17. Be3 $16 Rb7 18. h5) 17... g6 {[%emt 0:03:25] [#]} 18. h5 $1 Bc5 19. hxg6 hxg6 20. Qxg6+ Rg7 21. Qh5 {[%emt 0:00:11] [#]} Rxf3 22. Qxf3 Qh4 23. Bf4 Rf7 24. Qg3+ Qxg3 25. Bxg3 Nxe5 26. a4 $2 (26. Bxe5 Rxf2 27. Bd3 Rxa2+ 28. Kh2 Rxa1 29. Rxa1) 26... Nc4 27. Bd3 (27. axb5 $18 axb5 28. Ra8) 27... Nb2 28. Rd2 Nxa4 29. c4 Bd4 30. Raa2 Nc3 31. Rac2 Bg7 32. cxb5 axb5 33. Bxb5 Bb7 34. Be8 Rf8 35. Bg6 Bc6 36. Rd3 d4 37. f4 Bb5 38. Rdd2 Rf6 39. Bd3 Bxd3 40. Rxd3 Rf5 41. Rb2 Kf7 42. Rb7+ Kg6 43. Re7 Ne2+ 44. Kf2 Nxf4 45. Bxf4 Rxf4+ 46. Rf3 Rxf3+ 47. Kxf3 Kf6 48. Rd7 Bh6 49. Rxd4 e5 50. Rd6+ Kg7 51. Ke4 Bf4 52. g4 Bg3 53. Kf5 Kf7 54. g5 Kg7 55. Rd7+ Kf8 56. Kf6 Ke8 57. Re7+ Kd8 58. Kf7 Bh4 59. Rxe5 1-0

[Event "LEM Niedersachsen-A-Open 2025"]
[Site "Verden"]
[Date "2025.01.04"]
[Round "5.30"]
[White "Eschholz, Enno"]
[Black "Direk, Oguzhan"]
[Result "1/2-1/2"]
[ECO "B23"]
[WhiteElo "2121"]
[BlackElo "1838"]
[Annotator "TA"]
[PlyCount "74"]
[EventDate "2024.12.27"]
[EventType "swiss"]
[EventCountry "GER"]
[SourceTitle "playchess.com"]
[Source "ChessBase"]
[SourceQuality "1"]
[TimeControl "40/5400+30:1800+30"]

1. e4 c5 2. Nc3 e6 3. g3 d5 4. exd5 exd5 5. Bg2 Nf6 6. Nge2 Nc6 7. O-O d4 8. Ne4 Be7 9. d3 O-O 10. Nf4 Bf5 11. Bd2 Re8 12. Re1 Qd7 13. a3 h6 14. Nxf6+ Bxf6 15. Nd5 {[%emt 0:00:29] [#] Black must now prevent Nxf6+.} Be5 16. Qc1 (16. Bxh6 $11 Be6 (16... gxh6 17. Rxe5 Kg7 18. Rxe8 $11) 17. Nf4) 16... Be6 17. Nf4 Bxf4 18. Bxf4 Bd5 {[%emt 0:00:06] [#] ...Bxg2 would now be deadly.} 19. f3 Re7 20. Rxe7 Qxe7 21. Qe1 Re8 22. Qxe7 Rxe7 23. Kf2 b6 24. Re1 Rxe1 25. Kxe1 $11 {[%emt 0:00:07][%mdl 4096] Endgame. KBB-KBN} Kf8 26. Bd6+ Ke8 27. Ke2 g5 28. Bh3 Be6 29. Bg2 Kd7 {[%emt 0:01:57] The position is equal.} 30. Bf8 h5 31. Bh6 f6 32. f4 g4 33. Bg7 f5 34. h3 Ne7 35. hxg4 hxg4 36. Be5 Bd5 37. Bf1 Ng6 {[%emt 0:04:45] Weighted Error Value: White=0.13 (very precise) /Black=0.09 (flawless) .  Mistake:       	White=1     	---        Inaccurate:     	White=2     	Black=3      OK:         	White=13    	Black=10} 1/2-1/2

[Event "LEM Niedersachsen-A-Open 2025"]
[Site "Verden"]
[Date "2025.01.04"]
[Round "5.31"]
[White "Rausch, Darius"]
[Black "Loecken, Siegfried"]
[Result "1/2-1/2"]
[ECO "B21"]
[WhiteElo "1840"]
[BlackElo "2004"]
[Annotator "NA RC"]
[PlyCount "92"]
[EventDate "2024.12.27"]
[EventType "swiss"]
[EventCountry "GER"]
[SourceTitle "playchess.com"]
[Source "ChessBase"]
[SourceQuality "1"]
[TimeControl "40/5400+30:1800+30"]

1. e4 c5 2. Nc3 Nc6 3. Bb5 g6 4. Bxc6 dxc6 5. f4 Bg7 6. Nf3 Nf6 7. O-O O-O 8. d3 Qc7 {[%emt 0:01:13] B21: Sicilian: 2 f4 and Morra Gambit.} 9. Qe1 b6 10. Qh4 Ne8 11. f5 gxf5 12. Bh6 Bxh6 13. Qxh6 Qd6 14. Qg5+ Ng7 15. Nh4 f6 16. Qh6 fxe4 17. Nxe4 Qe5 18. Rae1 Qh5 19. Qf4 Bd7 20. Ng3 Qf7 21. Qc7 e6 22. Ne4 f5 23. Nd6 Ne8 24. Nxe8 (24. Nhxf5 $142 exf5 (24... Nxc7 $2 {too greedy.} 25. Nh6+ Kg7 26. Nhxf7 $18) 25. Rxe8) 24... Bxe8 25. Qe5 Bd7 26. Rf3 Qf6 27. Rg3+ Kh8 28. Nf3 Qxe5 29. Nxe5 Be8 30. Rh3 Kg7 31. Nf3 Bg6 32. Rxe6 Rfe8 33. Rxe8 Rxe8 34. Kf2 Kf6 35. Nd2 Rd8 36. Re3 Bf7 37. Ke2 Bh5+ 38. Kf2 Bd1 39. c3 Bh5 40. Nf3 a5 41. Ne5 f4 42. Rh3 Bg6 43. Nxg6 $1 hxg6 44. Ke2 a4 $11 45. Rh7 Rd6 46. Ra7 b5 1/2-1/2

[Event "LEM Niedersachsen-A-Open 2025"]
[Site "Verden"]
[Date "2025.01.04"]
[Round "5.32"]
[White "Lieb, Max"]
[Black "Harms, Friedjof"]
[Result "1/2-1/2"]
[ECO "A57"]
[WhiteElo "1791"]
[BlackElo "1884"]
[Annotator "NA RC"]
[PlyCount "114"]
[EventDate "2024.12.27"]
[EventType "swiss"]
[EventCountry "GER"]
[SourceTitle "playchess.com"]
[Source "ChessBase"]
[SourceQuality "1"]
[TimeControl "40/5400+30:1800+30"]

1. d4 Nf6 2. c4 c5 3. d5 b5 4. Nc3 bxc4 5. e4 d6 6. Bxc4 g6 7. Nf3 Nbd7 8. O-O Bg7 9. Re1 {[%emt 0:00:00] is the legacy move (9.h3). A57: Benko/Volga Gambit.} Ng4 10. Qe2 O-O 11. h3 Nge5 12. Nxe5 $1 Nxe5 13. f4 (13. Bb5 $11) 13... Nxc4 $146 ({Predecessor:} 13... Nd7 14. Be3 Qa5 15. Bd2 Rb8 16. Nb5 Qb6 17. Bc3 Bxc3 18. bxc3 a6 19. Na3 Qa5 {0-1 Papaefstratiou,D (1209)-Lakinska,S (1629) Vratsa op (Women) 2015 (2)}) 14. Qxc4 Qa5 15. e5 Ba6 16. Qe4 Rab8 17. Re3 Rb4 18. Qf3 Rfb8 19. exd6 exd6 20. f5 Bd4 21. fxg6 hxg6 22. Ne4 Qd8 23. Kh1 {[%emt 0:00:00] [#]} Bxe3 (23... Bc4 $1 $19 24. Bd2 Bxd5 (24... Rxb2 $2 25. Bc3 $19) (24... Bxb2 25. Rd1 $15)) 24. Bxe3 (24. Nf6+ $142 Kg7 25. Bxe3) 24... Qe7 25. Nf6+ Kg7 26. Re1 Qd8 27. Bg5 Qh8 28. Ne8+ Rxe8 29. Qf6+ Kh7 30. Qxf7+ Qg7 31. Qxe8 Rb7 32. Re7 Rxe7 33. Qxe7 Qxe7 34. Bxe7 Bc4 35. Bxd6 Bxd5 36. Bxc5 a5 37. b3 a4 38. bxa4 Bxa2 39. Kh2 Bc4 40. g4 Kg7 41. Kg3 Bb3 42. a5 Bc4 43. h4 Kf7 44. Kf4 Ke6 45. Kg5 Kf7 46. Bd4 Bd3 47. h5 gxh5 48. Kxh5 $16 (48. gxh5 $18 Ke8 49. h6) 48... Ke7 49. g5 Kd6 50. g6 Kc6 51. g7 Bc4 52. a6 Kc7 53. Ba7 Bg8 54. Kg6 Kd7 55. Kf6 Kc6 {[%emt 0:00:00] [#]} 56. Bc5 $1 Kc7 57. Bd6+ Kb6 1/2-1/2

[Event "LEM Niedersachsen-A-Open 2025"]
[Site "Verden"]
[Date "2025.01.04"]
[Round "5.33"]
[White "Lehmkuhl, Stefan"]
[Black "Kiesel, Lara"]
[Result "1/2-1/2"]
[ECO "A45"]
[WhiteElo "1874"]
[BlackElo "1825"]
[Annotator "NA RC"]
[PlyCount "34"]
[EventDate "2024.12.27"]
[EventType "swiss"]
[EventCountry "GER"]
[SourceTitle "playchess.com"]
[Source "ChessBase"]
[SourceQuality "1"]
[TimeControl "40/5400+30:1800+30"]

1. d4 Nf6 2. Bg5 Ne4 3. Bh4 d5 4. Nd2 Nxd2 5. Qxd2 c6 6. Nf3 Qb6 7. c3 Bf5 8. e3 e6 9. Be2 Bd6 10. O-O O-O 11. Bd3 Bxd3 12. Qxd3 Nd7 13. b3 Rfe8 14. Rac1 e5 15. dxe5 Nxe5 $11 16. Nxe5 Bxe5 17. Bg3 Bxg3 1/2-1/2

[Event "LEM Niedersachsen-A-Open 2025"]
[Site "Verden"]
[Date "2025.01.04"]
[Round "5.34"]
[White "Wilmink, Luca"]
[Black "Buecklers, Martin"]
[Result "1/2-1/2"]
[ECO "B08"]
[WhiteElo "1792"]
[BlackElo "1859"]
[Annotator "NA RC"]
[PlyCount "71"]
[EventDate "2024.12.27"]
[EventType "swiss"]
[EventCountry "GER"]
[SourceTitle "playchess.com"]
[Source "ChessBase"]
[SourceQuality "1"]
[TimeControl "40/5400+30:1800+30"]

1. e4 g6 2. d4 Bg7 3. Nf3 d6 4. Nc3 Nf6 5. Bg5 Bg4 6. Be2 {[%emt 0:02:24] B08: Pirc Defence: Classical System.} Nc6 7. d5 Bxf3 8. gxf3 Nb8 9. Qd2 e5 {[%emt 0:08:50] [#]} 10. O-O-O (10. dxe6 $1 $16 fxe6 11. Rg1) 10... h6 11. Be3 Qe7 12. h4 Nh5 13. Bb5+ Nd7 14. Ne2 a6 15. Bd3 Bf6 16. Bxh6 Bxh4 17. Be3 g5 18. Ng3 Ng7 19. Kb1 f6 20. Qa5 b6 21. Qc3 Nc5 22. Bf1 Kf7 23. Bh3 Bxg3 24. fxg3 a5 25. Bg4 Qe8 26. Bxc5 Rxh1 $18 (26... bxc5 27. Rxh8 Qxh8) 27. Rxh1 bxc5 28. Qc4 Rb8 29. a4 Rb4 30. Be6+ Kg6 31. Qe2 Nxe6 32. dxe6 Qxe6 33. Qh2 Qg8 34. Qh3 Rb8 35. Qf5+ Kg7 36. Qd7+ 1/2-1/2

[Event "LEM Niedersachsen-A-Open 2025"]
[Site "Verden"]
[Date "2025.01.04"]
[Round "5.35"]
[White "Krumschmidt, Michael"]
[Black "Aden, Dagmar"]
[Result "1-0"]
[ECO "D36"]
[WhiteElo "1787"]
[BlackElo "1861"]
[Annotator "NA RC"]
[PlyCount "55"]
[EventDate "2024.12.27"]
[EventType "swiss"]
[EventCountry "GER"]
[SourceTitle "playchess.com"]
[Source "ChessBase"]
[SourceQuality "1"]
[TimeControl "40/5400+30:1800+30"]

1. d4 Nf6 2. c4 e6 3. Nc3 d5 4. Bg5 Nbd7 5. cxd5 exd5 6. Nf3 c6 7. e3 Be7 8. Bd3 O-O 9. Qc2 Re8 10. a3 {[%emt 0:05:31] D36: Queen's Gambit Declined: Exchange Variation: Main line (5 Bg5 c6 6 Qc2).} a5 11. h4 Nf8 12. Ne5 Ng4 13. O-O-O Nxe5 14. dxe5 f6 15. exf6 Bxf6 16. Ne4 Qe7 17. Nxf6+ gxf6 18. Bh6 Ne6 19. Rh3 Bd7 20. Bf5 Kh8 21. g4 Ng7 22. Bxh7 ({White should play} 22. Bxd7 $16 Qxd7 23. Rd3) 22... Bxg4 23. Rg1 Bxh3 24. Bxg7+ Qxg7 25. Rxg7 $18 Kxg7 26. Qg6+ Kh8 27. Qh6 Re7 28. Bf5+ 1-0

[Event "LEM Niedersachsen-A-Open 2025"]
[Site "Verden"]
[Date "2025.01.04"]
[Round "5.36"]
[White "Klages, Jonas"]
[Black "Schulze, Tim"]
[Result "0-1"]
[ECO "B29"]
[WhiteElo "1776"]
[BlackElo "1804"]
[Annotator "NA RC"]
[PlyCount "62"]
[EventDate "2024.12.27"]
[EventType "swiss"]
[EventCountry "GER"]
[SourceTitle "playchess.com"]
[Source "ChessBase"]
[SourceQuality "1"]
[TimeControl "40/5400+30:1800+30"]

1. e4 c5 2. Nf3 Nf6 3. Nc3 d5 4. exd5 Nxd5 5. Ne4 e6 6. c4 Nf6 7. Nc3 Nc6 8. g3 Be7 9. Bg2 O-O 10. O-O a6 11. b3 Rb8 12. Bb2 b5 13. d3 Qb6 14. Qd2 Rd8 15. Rfe1 Bb7 16. Qf4 Rxd3 17. Ne4 Nxe4 18. Qxe4 Qd8 19. Qf4 Bf6 20. Bxf6 Qxf6 21. Qxf6 gxf6 22. Rec1 b4 23. Ne1 Rd7 24. Nc2 Rbd8 25. a3 bxa3 26. Rxa3 Rd1+ 27. Rxd1 Rxd1+ 28. Bf1 Ne5 29. Ne3 Nf3+ 30. Kg2 Ng5+ 31. f3 Rd2+ 0-1